 Dungeon Crawl Stone Soup version 0.29.1-1-gd02db6906a (webtiles) character file.

Game seed: 14741431927495323798

50 KamiKatze the Shield-Bearer (level 3, 0/31 HPs)
             Began as a Palentonga Fighter on Oct 3, 2022.
             Slain by a worm (9 damage)
             ... on level 2 of the Dungeon.
             The game lasted 00:05:19 (962 turns).

KamiKatze the Shield-Bearer (Palentonga Fighter)     Turns: 962, Time: 00:05:20

Health: 0/31       AC:  6    Str: 23    XL:     3   Next: 55%
Magic:  3/3        EV:  7    Int:  8    God:
Gold:   68         SH:  4    Dex:  9    Spells: 2/2 levels left

rFire   . . .      SeeInvis +   a - +0 war axe
rCold   . . .      Faith    .   c - +0 buckler
rNeg    . . .      Spirit   .   b - +0 scale mail
rPois   .          Reflect  .   (no helmet)
rElec   .          Harm     .   (no cloak)
rCorr   .          Rampage  .   (no gloves)
Will    .....                   (no barding)
Stlth   ..........              (no amulet)
HPRegen 0.10/turn               (no ring)
MPRegen 0.08/turn               (no ring)

@: no status effects
A: large, rugged brown scales 3, see invisible, deformed body, roll 1, armoured
tail
a: Rolling Charge


You were on level 2 of the Dungeon.
You visited 1 branch of the dungeon, and saw 2 of its levels.

You collected 68 gold pieces.

Inventory:

Hand Weapons
 a - a +0 war axe (weapon)
 m - a +0 spear
Armour
 b - a +0 scale mail (worn)
 c - a +0 buckler (worn)
Scrolls
 e - a scroll of blinking {unknown}
 k - a scroll of silence {unknown}
 l - a scroll of teleportation {unknown}
Potions
 d - a potion of might
 f - a potion of berserk rage
 h - a potion of magic
 j - 2 potions of curing {unknown}


   Skills:
 + Level 3.2 Fighting
 * Level 2.6 Axes
 + Level 2.6 Armour
 + Level 0.5 Dodging
 * Level 3.3 Shields


You had 2 spell levels left.
You didn't know any spells.
Your spell library contained the following spells:

 Spells                   Type           Power      Damage    Failure   Level
 Call Canine Familiar     Summ           0%         N/A       99%         3
 Portal Projectile        Hex/Tloc       0%         N/A       99%         3
 Leda's Liquefaction      Hex/Erth       0%         N/A       100%        4


Dungeon Overview and Level Annotations

Branches:
Dungeon (2/15)

Altars:

Shops:
D:1 ?


Innate Abilities, Weirdness & Mutations

You are completely covered in rugged brown scales. (AC +3, +7% HP)
You have supernaturally acute eyesight. (SInv)
Armour fits poorly on your strangely shaped body.
You can roll at nearby foes to attack.
You have a long armoured tail.


Message History

A worm and a hobgoblin come into view.
Found a ring mail.
The goblin shouts!
You hit the rat.
You kill the rat!
You slash the worm!
Your tail-slap misses the worm.
The worm is heavily wounded.
You hit the rat but do no damage. You block the rat's attack.
The worm bites you.
You barely miss the worm.
The worm is moderately wounded.
You barely miss the rat. The rat bites you but does no damage.
The rat barely misses you. The worm bites you!
You are too injured to fight recklessly!
You are too injured to fight recklessly!
You hit the worm.
The worm is heavily wounded.
You barely miss the rat. The rat closely misses you.
You block the worm's attack.
Unknown command.
You barely miss the worm.
The worm is moderately wounded.
You hit the rat.
You kill the rat!
The worm bites you. You block the hobgoblin's attack.
The hobgoblin attacks as you move away!
The hobgoblin hits you but does no damage.
You barely miss the hobgoblin. You slash the hobgoblin!
You kill the hobgoblin!
You hit the hobgoblin.
You kill the hobgoblin!
You slash the worm!
The worm is severely wounded.
The worm bites you!
* * * LOW HITPOINT WARNING * * *
You hit the worm.
The worm is severely wounded.
The worm bites you!
You die...

...........
#...........
............
........... #
........... #.
#.#........
.###.#g†.....[
..#.#w#########
#.###.#.@†##......#
#.....#.####......#
###...# #......#
#...#.# #......#
#.....####......#
###..###..........#
..##....###.....<#####
.>........'.....##
#....####.#.....#


You could see a worm and a goblin.

Vanquished Creatures
  A gnoll (D:2)
  5 bats
  4 endoplasms (D:1)
  3 giant cockroaches (D:1)
  A goblin (D:2)
  7 hobgoblins
  4 jackals (D:1)
  2 quokkas (D:1)
  2 kobolds (D:1)
  6 rats
35 creatures vanquished.

Notes
Turn   | Place    | Note
-------+----------+-------------------------------------------
     0 | D:1      | KamiKatze the Palentonga Fighter began the quest for the
                  | Orb.
     0 | D:1      | Reached XP level 1. HP: 19/19 MP: 1/1
     2 | D:1      | Noticed a human
     2 | D:1      | Noticed a naga
     4 | D:1      | Noticed a vampire
     6 | D:1      | Noticed an ogre
     6 | D:1      | Noticed a minotaur
     8 | D:1      | Noticed a gargoyle
     8 | D:1      | Noticed a tengu
    10 | D:1      | Noticed a felid
    10 | D:1      | Noticed a draconian
    12 | D:1      | Noticed a meteoran
    12 | D:1      | Noticed a merfolk
    15 | D:1      | Noticed a troll
    15 | D:1      | Noticed an elf
    17 | D:1      | Noticed a palentonga
    17 | D:1      | Noticed a vine stalker
    19 | D:1      | Noticed a ghoul
    21 | D:1      | Noticed a demonspawn
    21 | D:1      | Noticed a spriggan
    23 | D:1      | Noticed a demigod
    25 | D:1      | Noticed an octopode
    25 | D:1      | Noticed a vampire
    27 | D:1      | Noticed a vine stalker
    27 | D:1      | Noticed a demonspawn
   136 | D:1      | Reached XP level 2. HP: 17/25 MP: 2/2
   507 | D:1      | Found Jootwukh's Magic Scroll Boutique.
   549 | D:1      | Reached XP level 3. HP: 28/31 MP: 3/3
   962 | D:2      | Slain by a worm

Illustrated notes

Levels and vault maps discovered:
D:1:      kb_arrival_jail, layout_rooms, serial_shops, shop,
          kennysheep_another_room, kennysheep_pointless_box,
          kennysheep_minor_cross
D:2:      layout_basic

Skill      XL: |  1 |
---------------+----+-----
Shields        | 3 |  3.3
Fighting       | |  3.2
Axes           | |  2.6
Armour         | |  2.6
Dodging        | |  0.5

Action                   || total
-------------------------++-------
Melee: War axe           ||    82
       Tailslap          ||     9
 Abil: Rolling Charge    ||    19
  Use: Scroll            ||     3
Armor: Scale mail        ||    52
Dodge: Dodged            ||    34
Block: Buckler           ||    14
